 Dungeon Crawl Stone Soup version 0.29.0-4-gdea44cf6ec (webtiles) character file.

Game seed: 5941915195896628030

21079 qw the Severer (level 12, -2/80 HPs)
             Began as a Gargoyle Berserker on Sept 5, 2022.
             Was an Elder of Trog.
             Slain by a yak (8 damage)
             ... on level 3 of the Lair of Beasts.
             The game lasted 00:04:46 (15755 turns).

qw the Severer (Gargoyle Berserker)                Turns: 15755, Time: 00:04:46

Health: -2/80      AC: 31    Str: 25    XL:     12   Next: 86%
Magic:  12/12      EV:  8    Int:  9    God:    Trog [****..]
Gold:   656        SH:  5    Dex:  9    Spells: 11/11 levels left

rFire   . . .      SeeInvis .   Y - +2 war axe (freeze)
rCold   . . .      Faith    .   (no shield)
rNeg    + . .      Spirit   .   l - +0 plate armour
rPois   inf        Reflect  +   p - +1 helmet
rElec   +          Harm     .   g - +0 cloak
rCorr   +          Rampage  .   (no gloves)
Will    .....                   (no boots)
Stlth   ..........              c - amulet of reflection
HPRegen 0.23/turn               a - +4 ring of protection
MPRegen 0.13/turn               d - ring of resist corrosion

@: about to teleport, on berserk cooldown, slowed, very slow
A: sickness immunity, AC +8, negative energy resistance 1, electricity
resistance, torment resistance 1, petrification resistance
a: Renounce Religion, Berserk, Trog's Hand, Brothers in Arms


You were on level 3 of the Lair of Beasts.
You worshipped Trog.
Trog was greatly pleased with you.
You visited 2 branches of the dungeon, and saw 12 of its levels.
You also visited: Sewer.

You collected 656 gold pieces.


Innate Abilities, Weirdness & Mutations

You are immune to sickness and miasma.
Your stone body is resilient. (AC +8)
You are immune to poison.
You resist negative energy. (rN+)
You are resistant to electric shocks. (rElec)
You are resistant to unholy torment.
You are immune to petrification.


   Skills:
 + Level 11.2 Fighting
 - Level 15.0 Axes
 - Level 2.1 Throwing
 - Level 10.0 Armour
 - Level 2.0 Dodging


You had 11 spell levels left.
You didn't know any spells.
Your spell library was empty.

Inventory:

Hand Weapons
 b - a +1 vorpal eveningstar
 Y - a +2 war axe of freezing (weapon)
Armour
 g - a +0 cloak (worn)
 k - an orb of light
 l - a +0 plate armour (worn)
 p - a +1 helmet (worn)
Jewellery
 a - a +4 ring of protection (left hand)
 c - an amulet of reflection (around neck)
 d - a ring of resist corrosion (right hand)
 n - a ring of ice
Scrolls
 h - 3 scrolls of identify
 j - 2 scrolls of teleportation
Potions
 e - 2 potions of haste
 f - 9 potions of curing
 i - 2 potions of might
 m - a potion of mutation

Dungeon Overview and Level Annotations

Branches:
Dungeon (9/15)             Temple (0/1) D:5            Lair (3/5) D:9
 Shoals (0/4) Lair:3       Spider (0/4) Lair:3        Sewer (visited)
    Orc: D:9-12

Altars:
Ashenzari
Elyvilon
Fedhas
Hepliaklqana
Kikubaaqudgha
Makhleb
Nemelex Xobeh
Ru
Uskayaw
Vehumet
Xom
Zin
The Shining One

Shops:
D:2 [   D:4 *

Annotations:
D:5 2 transporters, qw's ghost, novice BaCK
Lair:3 1 runed translucent door, qw's ghost, journeyman MiBe


Message History

The yak is severely wounded.
You hear a bellow! x2
The yak closely misses you.
You hear a bellow!
You hit the yak. You freeze the yak.
The yak is almost dead.
You hear a bellow!
You slash the yak! You freeze the yak.
You kill the yak!
Trog accepts your kill.
You start resting.
You feel a strong urge to attack something.
You feel your anger nearly subside.
You are no longer berserk.
You are exhausted.
You feel yourself slow down.
A yak comes into view.
You slash the yak! You freeze the yak.
The yak is heavily wounded.
The yak gores you but does no damage.
You hit the yak but do no damage.
The yak is heavily wounded.
The yak gores you.
You barely miss the yak.
The yak is heavily wounded.
The yak closely misses you. The yak gores you but does no damage.
You slash the yak! You freeze the yak.
You kill the yak!
Trog accepts your kill.
A yak comes into view.
The yak gores you but does no damage.
You hit the yak but do no damage. The yak gores you.
You slash the yak! You freeze the yak.
The yak is moderately wounded.
The yak gores you!
15755 ||| READING 3 scrolls of teleportation.
As you read the scroll of teleportation, it crumbles to dust.
You feel strangely unstable. The yak gores you. The yak gores you!
You die...

..¤Y#
......
.#.S.....#
.....
.......#.#
....## ## #
......$...
..#.### ...
#. #
..........
#.....#..##
..#
...#...##.
#.........?
#. ..#..###
#..P.#....#
.##. ## #.#
#[........#
#...
#@.####....
..#P ##Y# .
#. #... ..
...... ..
...#.... .
)Y.#.$#..
.###... .
.. .


You could see a yak.

Vanquished Creatures
  Snorg (Lair:3)
  A catoblepas (Lair:3)
  2 black mambas
  Maurice (D:8)
  7 cane toads
  3 rime drakes
  6 komodo dragons
  A troll (D:9)
  A hornet (D:7)
  Prince Ribbit (D:9)
  11 blink frogs
  6 wyverns
  32 yaks
  A basilisk (D:9)
  7 water moccasins
  Duvessa (D:7)
  3 black bears
  5 ogres
  An ice beast (D:5)
  2 orc warriors
  11 wolves
  5 centaurs
  2 phantoms
  6 bullfrogs
  3 kobold brigands
  5 scorpions
  4 necrophages
  17 wights
  Dowan (D:7)
  4 killer bees (D:8)
  5 jellies
  2 hounds
  2 orc priests (D:9)
  10 iguanas
  6 orc wizards
  A hound skeleton (D:4)
  3 gnolls (D:3)
  15 adders
  4 river rats (Sewer)
  2 shadow imps (D:6)
  2 white imps
  2 ufetubi
  4 worms
  A dart slug (D:4)
  9 orcs
  3 ball pythons
  5 bats
  An endoplasm (D:2)
  4 giant cockroaches
  4 hobgoblins
  A quokka (D:4)
  6 frilled lizards
  6 goblins
  13 kobolds
  7 rats
269 creatures vanquished.

Vanquished Creatures (others)
  A bush (Lair:3)
  20 fungi
  20 plants
  15 toadstools (Lair:2)
56 creatures vanquished.

Grand Total: 325 creatures vanquished

Notes
Turn   | Place    | Note
-------+----------+-------------------------------------------
     0 | D:1      | qw the Gargoyle Berserker began the quest for the Orb.
     0 | D:1      | Reached XP level 1. HP: 14/14 MP: 1/1
     0 | D:1      | 0 ||| qw: Version: 0.1-a-104-g96f76f8
     0 | D:1      | 0 ||| qw: Game counter: 5796
     0 | D:1      | 0 ||| qw: Always use a shield: true
     0 | D:1      | 0 ||| qw: Do Orc after D:15 true
     0 | D:1      | 0 ||| qw: Do second Lair branch before Depths: true
     0 | D:1      | 0 ||| qw: Lair rune preference: random
     0 | D:1      | 0 ||| qw: Plans: Normal
     0 | D:1      | 0 ||| PLANNING D:1-11
    41 | D:1      | Found a faded altar of an unknown god.
   185 | D:1      | 185 ||| SWAPPING to +0 war axe.
   186 | D:1      | 186 ||| DROPPING +0 hand axe.
   248 | D:1      | Reached skill level 3 in Axes
   273 | D:1      | 273 ||| DROPPING +0 club.
   746 | D:1      | Reached XP level 2. HP: 19/19 MP: 2/2
   810 | D:1      | 810 ||| UPGRADING to +0 leather armour.
   820 | D:1      | 820 ||| DROPPING +0 animal skin.
   821 | D:1      | 821 ||| UPGRADING to +0 cloak.
   826 | D:1      | 826 ||| UPGRADING to +0 scale mail.
   836 | D:1      | 836 ||| DROPPING +0 leather armour.
   837 | D:1      | 837 ||| UPGRADING to +0 plate armour.
   847 | D:1      | 847 ||| DROPPING +0 scale mail.
   848 | D:1      | 848 ||| UPGRADING to +4 ring of protection.
   849 | D:1      | 849 ||| READING scroll labelled VUMIYT MI JEUTT.
   850 | D:1      | 850 ||| READING scroll labelled IFROYN VUFF.
   851 | D:1      | 851 ||| DRINKING 3 coppery potions.
   904 | D:2      | 904 ||| STAIRDANCE
  1126 | D:2      | Found a broken altar of Ashenzari.
  1241 | D:2      | Found Owinet's Armour Boutique.
  1307 | D:2      | 1307 ||| INVOKING Berserk.
  1309 | D:2      | Reached XP level 3. HP: 19/23 MP: 3/3
  1455 | D:2      | Reached skill level 4 in Axes
  1847 | D:2      | 1847 ||| INVOKING Berserk.
  2036 | D:2      | 2036 ||| READING scroll labelled OROPLA MALOCE.
  2037 | D:2      | 2037 ||| DRINKING 4 sedimented golden potions.
  2057 | D:2      | 2057 ||| DRINKING 2 clear potions.
  2158 | D:2      | 2158 ||| DROPPING 3 potions of lignification.
  2159 | D:2      | 2159 ||| DROPPING potion of ambrosia.
  2254 | D:3      | 2254 ||| INVOKING Berserk.
  2261 | D:3      | Reached XP level 4. HP: 28/28 MP: 4/4
  2378 | D:3      | 2378 ||| DROPPING +0 whip.
  2402 | D:3      | Found a sacrificial altar of Ru.
  2624 | D:3      | Found a blossoming altar of Fedhas.
  2649 | D:3      | Reached skill level 5 in Axes
  2753 | D:3      | Reached XP level 5. HP: 32/32 MP: 5/5
  2856 | D:3      | Found a hide-covered altar of Uskayaw.
  3038 | D:3      | 3038 ||| READING scroll labelled ADIJ GIUCRI.
  3042 | D:3      | 3042 ||| READING scroll labelled TIKLUJ KE FYSI.
  3052 | D:2      | 3052 ||| Stepping randomly (stuck).
  3190 | D:4      | 3190 ||| PLANNING SEWER
  3217 | D:4      | Reached skill level 3 in Armour
  3276 | D:4      | Found a glowing drain.
  3277 | D:4      | 3277 ||| READING scroll labelled QANWOE XENKEFF.
  3301 | D:4      | 3301 ||| Stepping ~*~*~tactically~*~*~ (water).
  3309 | Sewer    | Entered a sewer
  3352 | Sewer    | 3352 ||| INVOKING Berserk.
  3593 | Sewer    | 3593 ||| Stepping ~*~*~tactically~*~*~ (water).
  3600 | Sewer    | Reached ** piety under Trog
  3827 | Sewer    | Reached XP level 6. HP: 36/38 MP: 6/6
  3868 | Sewer    | 3868 ||| READING scroll labelled YLALUL TAYC.
  3869 | Sewer    | 3869 ||| READING scroll labelled DEESAAXKOA.
  3870 | Sewer    | 3870 ||| DRINKING 2 ruby potions.
  3871 | Sewer    | 3871 ||| READING 2 scrolls of identify.
  3871 | Sewer    | 3871 ||| IDENTIFYING puce potion
  3872 | Sewer    | 3872 ||| DROPPING potion of flight.
  3873 | Sewer    | 3873 ||| DROPPING potion of magic.
  3924 | D:4      | 3924 ||| PLANNING D:1-11
  3962 | D:4      | Found Mivonois's Lightly-Used Armoury.
  3968 | D:4      | 3968 ||| SHOPLISTING -1 gold dragon scales (825 gold, have
                  | 83).
  3968 | D:4      | 3968 ||| SHOPLISTING -1 pearl dragon scales (1045 gold,
                  | have 83).
  4063 | D:4      | 4063 ||| Stepping ~*~*~tactically~*~*~ (hiding).
  4083 | D:4      | Found a shimmering altar of Xom.
  4420 | D:4      | Found a burning altar of Makhleb.
  4547 | D:4      | 4547 ||| READING scroll labelled RYOCKUE OFROYZ.
  4548 | D:4      | 4548 ||| READING 2 scrolls of identify.
  4548 | D:4      | 4548 ||| IDENTIFYING lumpy pink potion
  4549 | D:4      | 4549 ||| DROPPING potion of degeneration.
  4567 | D:5      | Entered Level 5 of the Dungeon
  4578 | D:5      | 4578 ||| STAIRDANCE
  4630 | D:5      | 4630 ||| Stepping ~*~*~tactically~*~*~ (hiding).
  4934 | D:5      | 4934 ||| INVOKING Berserk.
  4936 | D:5      | Reached skill level 6 in Axes
  5090 | D:5      | 5090 ||| FLEEEEING.
  5092 | D:5      | 5092 ||| FLEEEEING.
  5093 | D:5      | 5093 ||| FLEEEEING.
  5167 | D:5      | 5167 ||| INVOKING Berserk.
  5174 | D:5      | Reached XP level 7. HP: 33/43 MP: 7/7
  5364 | D:5      | Reached skill level 7 in Axes
  5423 | D:5      | Noticed a hornet
  5426 | D:5      | Found a transporter.
  5550 | D:5      | 5550 ||| Stepping ~*~*~tactically~*~*~ (stealth).
  5558 | D:5      | Noticed qw's ghost (novice BaCK)
  5651 | D:5      | 5651 ||| Stepping ~*~*~tactically~*~*~ (stealth).
  5652 | D:5      | 5652 ||| Stepping ~*~*~tactically~*~*~ (stealth).
  5976 | D:5      | Found a transporter.
  6120 | D:5      | Found a staircase to the Ecumenical Temple.
  6225 | D:5      | Reached XP level 8. HP: 47/50 MP: 8/8
  6427 | D:5      | 6427 ||| UPGRADING to amulet of reflection.
  6432 | D:5      | 6432 ||| READING scroll labelled OPEDOIT NAERIS.
  6432 | D:5      | Identified a scroll of acquirement
  6432 | D:5      | 6432 ||| ACQUIRING +1 vorpal eveningstar
  6432 | D:5      | Acquired a +1 vorpal eveningstar
  6434 | D:5      | 6434 ||| DROPPING +2 whip of flaming.
  6435 | D:5      | 6435 ||| READING scroll labelled SOSOWY QEVOBAIPRAM.
  6436 | D:5      | 6436 ||| DRINKING 2 red potions.
  6462 | D:6      | 6462 ||| STAIRDANCE
  6606 | D:6      | 6606 ||| INVOKING Berserk.
  6889 | D:6      | 6889 ||| INVOKING Berserk.
  6893 | D:6      | Reached skill level 8 in Axes
  7021 | D:6      | 7021 ||| Stepping ~*~*~tactically~*~*~ (hiding).
  7023 | D:6      | 7023 ||| INVOKING Berserk.
  7030 | D:6      | Reached skill level 6 in Fighting
  7450 | D:6      | 7450 ||| Stepping ~*~*~tactically~*~*~ (stealth).
  7453 | D:6      | 7453 ||| Stepping ~*~*~tactically~*~*~ (stealth).
  7454 | D:6      | 7454 ||| INVOKING Berserk.
  7605 | D:6      | 7605 ||| Stepping ~*~*~tactically~*~*~ (hiding).
  7617 | D:6      | Reached XP level 9. HP: 52/55 MP: 9/9
  7617 | D:6      | 7617 ||| INVOKING Berserk.
  7621 | D:6      | Reached skill level 9 in Axes
  7687 | D:6      | 7687 ||| Stepping ~*~*~tactically~*~*~ (stealth).
  7709 | D:6      | Reached skill level 6 in Armour
  7776 | D:6      | Reached *** piety under Trog
  7857 | D:6      | 7857 ||| INVOKING Berserk.
  7996 | D:6      | 7996 ||| Stepping ~*~*~tactically~*~*~ (stealth).
  8218 | D:6      | 8218 ||| UPGRADING to +0 helmet.
  8223 | D:6      | 8223 ||| READING scroll labelled DEGHUZXEOF.
  8224 | D:6      | 8224 ||| READING 2 scrolls of identify.
  8224 | D:6      | 8224 ||| IDENTIFYING glowing silvery potion
  8225 | D:6      | 8225 ||| DROPPING potion of berserk rage.
  8318 | D:7      | Found a radiant altar of Vehumet.
  8343 | D:7      | Noticed Duvessa
  8343 | D:7      | Noticed Dowan
  8344 | D:7      | 8344 ||| Stepping ~*~*~tactically~*~*~ (hiding).
  8346 | D:7      | 8346 ||| Stepping ~*~*~tactically~*~*~ (hiding).
  8350 | D:7      | 8350 ||| INVOKING Berserk.
  8353 | D:7      | Killed Duvessa
  8356 | D:7      | Killed Dowan
  8540 | D:7      | Noticed a hornet
  8550 | D:7      | Killed a hornet
  8551 | D:7      | Reached skill level 10 in Axes
  8635 | D:7      | Found a white marble altar of Elyvilon.
  8644 | D:7      | 8644 ||| Stepping ~*~*~tactically~*~*~ (hiding).
  8654 | D:7      | 8654 ||| INVOKING Berserk.
  8739 | D:7      | Found an ancient bone altar of Kikubaaqudgha.
  8740 | D:7      | Found a hazy altar of Hepliaklqana.
  8808 | D:7      | 8808 ||| Stepping ~*~*~tactically~*~*~ (hiding).
  8821 | D:7      | Reached XP level 10. HP: 54/64 MP: 10/10
  9059 | D:7      | Found a glowing silver altar of Zin.
  9164 | D:7      | 9164 ||| DROPPING amulet of regeneration.
  9165 | D:7      | 9165 ||| READING scroll labelled CYSHIV RIKEY.
  9166 | D:7      | 9166 ||| READING 2 scrolls of identify.
  9166 | D:7      | 9166 ||| IDENTIFYING orange potion
  9167 | D:7      | 9167 ||| DROPPING potion of brilliance.
  9253 | D:8      | 9253 ||| Stepping ~*~*~tactically~*~*~ (hiding).
  9261 | D:8      | 9261 ||| INVOKING Berserk.
  9331 | D:8      | Reached skill level 11 in Axes
  9575 | D:8      | Noticed Maurice
  9590 | D:8      | Killed Maurice
  9647 | D:8      | 9647 ||| Stepping ~*~*~tactically~*~*~ (stealth).
  9657 | D:8      | Reached skill level 9 in Fighting
  9975 | D:8      | Found a glowing golden altar of the Shining One.
 10312 | D:8      | 10312 ||| DRINKING 2 purple potions.
 10313 | D:8      | 10313 ||| READING 2 scrolls of identify.
 10313 | D:8      | 10313 ||| IDENTIFYING bubbling dark potion
 10352 | D:9      | 10352 ||| STAIRDANCE
 10363 | D:9      | 10363 ||| STAIRDANCE
 10469 | D:9      | Noticed Prince Ribbit
 10470 | D:9      | 10470 ||| Stepping ~*~*~tactically~*~*~ (stealth).
 10473 | D:9      | 10473 ||| Stepping ~*~*~tactically~*~*~ (stealth).
 10479 | D:9      | 10479 ||| Stepping ~*~*~tactically~*~*~ (stealth).
 10523 | D:9      | 10523 ||| INVOKING Berserk.
 10526 | D:9      | Killed Prince Ribbit
 10614 | D:9      | 10614 ||| Stepping ~*~*~tactically~*~*~ (stealth).
 10701 | D:9      | 10701 ||| Stepping ~*~*~tactically~*~*~ (stealth).
 10703 | D:9      | Found a staircase to the Lair.
 10707 | D:9      | Reached XP level 11. HP: 60/71 MP: 11/11
 10774 | D:9      | 10774 ||| Stepping ~*~*~tactically~*~*~ (hiding).
 10775 | D:9      | 10775 ||| Stepping ~*~*~tactically~*~*~ (hiding).
 10789 | D:9      | 10789 ||| Stepping ~*~*~tactically~*~*~ (stealth).
 10795 | D:9      | 10795 ||| DRINKING 8 potions of curing.
 10795 | D:9      | 10795 ||| (to cure confusion)
 10799 | D:9      | 10799 ||| INVOKING Berserk.
 10802 | D:9      | Reached skill level 12 in Axes
 10984 | D:9      | Reached skill level 1 in Throwing
 11015 | D:9      | 11015 ||| Stepping ~*~*~tactically~*~*~ (stealth).
 11019 | D:9      | 11019 ||| Stepping ~*~*~tactically~*~*~ (stealth).
 11024 | D:9      | 11024 ||| Stepping ~*~*~tactically~*~*~ (stealth).
 11025 | D:9      | 11025 ||| Stepping ~*~*~tactically~*~*~ (stealth).
 11028 | D:9      | Reached **** piety under Trog
 11262 | D:9      | 11262 ||| INVOKING Berserk.
 11345 | D:9      | Identified the +8 rapier of Propriety {drain, Drain Will++
                  | Dex+8}
 11781 | D:9      | Found a sparkling altar of Nemelex Xobeh.
 11784 | D:9      | 11784 ||| PLANNING LAIR
 11784 | D:9      | 11784 ||| DRINKING 3 golden potions.
 11839 | Lair:1   | Entered Level 1 of the Lair of Beasts
 11839 | Lair:1   | Found an ancient bone altar of Kikubaaqudgha.
 11841 | Lair:1   | 11841 ||| INVOKING Berserk.
 11845 | Lair:1   | Reached skill level 9 in Armour
 12044 | Lair:1   | 12044 ||| INVOKING Berserk.
 12068 | Lair:1   | 12068 ||| Stepping ~*~*~tactically~*~*~ (stealth).
 12089 | Lair:1   | 12089 ||| Stepping ~*~*~tactically~*~*~ (stealth).
 12092 | Lair:1   | 12092 ||| Stepping ~*~*~tactically~*~*~ (stealth).
 12093 | Lair:1   | 12093 ||| INVOKING Berserk.
 12132 | Lair:1   | 12132 ||| Stepping ~*~*~tactically~*~*~ (hiding).
 12239 | Lair:1   | 12239 ||| INVOKING Berserk.
 12362 | Lair:1   | 12362 ||| Stepping ~*~*~tactically~*~*~ (stealth).
 12427 | Lair:1   | 12427 ||| Stepping ~*~*~tactically~*~*~ (stealth).
 12503 | Lair:1   | You fall into a shaft and drop 1 floor!
 12520 | Lair:2   | 12520 ||| INVOKING Berserk.
 12600 | Lair:2   | 12600 ||| Stepping ~*~*~tactically~*~*~ (hiding).
 12675 | Lair:2   | 12675 ||| INVOKING Berserk.
 12774 | Lair:2   | 12774 ||| Stepping ~*~*~tactically~*~*~ (stealth).
 12778 | Lair:2   | Reached skill level 13 in Axes
 12778 | Lair:2   | 12778 ||| Stepping ~*~*~tactically~*~*~ (stealth).
 12978 | Lair:2   | 12978 ||| Stepping ~*~*~tactically~*~*~ (stealth).
 12980 | Lair:2   | 12980 ||| INVOKING Berserk.
 12997 | Lair:2   | 12997 ||| Stepping ~*~*~tactically~*~*~ (stealth).
 13017 | Lair:2   | 13017 ||| INVOKING Berserk.
 13151 | Lair:2   | 13151 ||| INVOKING Berserk.
 13276 | Lair:2   | 13276 ||| INVOKING Berserk.
 13281 | Lair:2   | Reached XP level 12. HP: 77/77 MP: 12/12
 13385 | Lair:2   | 13385 ||| READING scroll of enchant weapon.
 13385 | Lair:2   | 13385 ||| ENCHANTING +1 war axe of freezing.
 13427 | Lair:2   | Found a blossoming altar of Fedhas.
 13568 | Lair:2   | 13568 ||| UPGRADING to +1 helmet.
 13578 | Lair:2   | 13578 ||| DROPPING +0 helmet.
 13597 | Lair:2   | 13597 ||| STAIRDANCE
 13813 | Lair:1   | Reached skill level 14 in Axes
 14120 | Lair:1   | 14120 ||| Stepping ~*~*~tactically~*~*~ (stealth).
 14121 | Lair:1   | 14121 ||| Stepping ~*~*~tactically~*~*~ (stealth).
 14223 | Lair:1   | 14223 ||| Stepping ~*~*~tactically~*~*~ (stealth).
 14522 | Lair:2   | 14522 ||| INVOKING Berserk.
 14779 | Lair:2   | 14779 ||| UPGRADING to ring of resist corrosion.
 14804 | Lair:3   | 14804 ||| Stepping ~*~*~tactically~*~*~ (stealth).
 14805 | Lair:3   | 14805 ||| Stepping ~*~*~tactically~*~*~ (stealth).
 14806 | Lair:3   | 14806 ||| Stepping ~*~*~tactically~*~*~ (stealth).
 14808 | Lair:3   | 14808 ||| Stepping ~*~*~tactically~*~*~ (stealth).
 14838 | Lair:3   | 14838 ||| FLEEEEING.
 14839 | Lair:3   | 14839 ||| FLEEEEING.
 14840 | Lair:3   | 14840 ||| FLEEEEING.
 14841 | Lair:3   | 14841 ||| FLEEEEING.
 14842 | Lair:3   | 14842 ||| FLEEEEING.
 14843 | Lair:3   | 14843 ||| STAIRDANCE
 14993 | Lair:3   | 14993 ||| STAIRDANCE
 15097 | Lair:3   | Found a hole to the Spider Nest.
 15122 | Lair:3   | Found a runed translucent door.
 15126 | Lair:3   | Noticed qw's ghost (journeyman MiBe)
 15132 | Lair:3   | Noticed Snorg
 15137 | Lair:3   | 15137 ||| INVOKING Berserk.
 15148 | Lair:3   | Killed Snorg
 15352 | Lair:3   | Found a white marble altar of Elyvilon.
 15489 | Lair:3   | Found a staircase to the Shoals.
 15582 | Lair:3   | 15582 ||| INVOKING Berserk.
 15653 | Lair:3   | 15653 ||| Stepping ~*~*~tactically~*~*~ (stealth).
 15654 | Lair:3   | 15654 ||| Stepping ~*~*~tactically~*~*~ (stealth).
 15655 | Lair:3   | Noticed a catoblepas
 15656 | Lair:3   | 15656 ||| Stepping ~*~*~tactically~*~*~ (stealth).
 15658 | Lair:3   | 15658 ||| INVOKING Berserk.
 15667 | Lair:3   | Killed a catoblepas
 15686 | Lair:3   | Noticed a catoblepas
 15691 | Lair:3   | Reached skill level 15 in Axes
 15691 | Lair:3   | HP: 18/80 [catoblepas/blast of calcifying dust (5)]
 15692 | Lair:3   | 15692 ||| READING 4 scrolls of teleportation.
 15692 | Lair:3   | HP: 2/80 [blink frog (13)]
 15693 | Lair:3   | 15693 ||| DRINKING potion of heal wounds.
 15712 | Lair:3   | 15712 ||| Stepping ~*~*~tactically~*~*~ (stealth).
 15713 | Lair:3   | 15713 ||| Stepping ~*~*~tactically~*~*~ (stealth).
 15733 | Lair:3   | 15733 ||| INVOKING Berserk.
 15754 | Lair:3   | HP: 12/80 [yak (10)]
 15755 | Lair:3   | 15755 ||| READING 3 scrolls of teleportation.
 15755 | Lair:3   | Slain by a yak

Levels and vault maps discovered:
D:1:      spicycebolla_green_bress_n_ham, layout_loops_corners,
          chequers_ecumenical_altar_simple_redux
D:2:      minmay_alternating_diamond, layout_rooms, serial_shops,
          nicolae_shop_advertising_works [nicolae_subvault_shop_adworks],
          serial_forest, infiniplex_forest_lined_3, infiniplex_forest_join,
          infiniplex_forest_end_2, infiniplex_forest_end_3,
          infiniplex_forest_lined_2, infiniplex_forest_clump_medium,
          infiniplex_forest_lined_2, infiniplex_forest_straight_2, basic_altar
D:3:      layout_loops_ring, nicolae_overflow_crystal_walls,
          mainiacjoe_overflow_catch_the_wave
D:4:      layout_loops_ring, makhleb_blood_cavern_becter,
          mainiacjoe_overflow_concentric_impassable,
          cheibrodos_sewer_entry_drain, minmay_shop_damaged
D:5:      layout_layer_cave, minmay_temple_entry_wispy, gammafunk_ghost_hive
D:6:      layout_basic, eino_tiny_chamber, minmay_pentangle
D:7:      layout_rooms, overflow_temple_1_default, mainiacjoe_overflow_swirl,
          gammafunk_temple_overflow_statue, uniq_duvessa
D:8:      layout_loops_corners, amcnicky_altar_gilded, uniq_maurice
D:9:      layout_cave_pods, nemelex_diamond_rough_becter, david_lair_generic,
          amcnicky_mini_corridor_feature, nicolae_straight_to_the_point,
          uniq_prince_ribbit1
Lair:1:   layout_roguey, basic_altar, guppyfry_lair_drakes
Lair:2:   layout_misc_corridors, tgw_fedhas
Lair:3:   layout_loops_ring, shoals_dummy_entry, dummy_spider_entry,
          basic_altar, ebering_ghost_reflecting_pool, minivault_19, uniq_snorg

Skill      XL: |  1  2  3  4  5  6  7  8  9 10 11 12 |
---------------+-------------------------------------+-----
Axes           | 3 4 5 6 7 8 10 11 13 15 | 15.0
Armour         | 3 4 5 7 8 9 10 | 10.0
Fighting       | 4 5 6 8 9 10 11 | 11.2
Throwing       | 2 |  2.1
Dodging        | 2 |  2.0

Action                   |  1- 3 |  4- 6 |  7- 9 | 10-12 || total
-------------------------+-------+-------+-------+-------++-------
Melee: War axe           |    66 |   189 |   245 |   536 ||  1036
       Hand axe          |     3 |       |       |       ||     3
       Punch             |       |     3 |     2 |     7 ||    12
Throw: Boomerang         |       |    21 |       |    40 ||    61
Invok: Berserk           |     3 |     3 |     8 |    19 ||    33
  Use: Scroll            |     3 |     8 |     4 |     6 ||    21
       Potion            |     3 |     1 |     1 |     4 ||     9
Armor: Animal skin       |     9 |       |       |       ||     9
       Plate armour      |    28 |   151 |   131 |   265 ||   575
Dodge: Dodged            |    51 |    69 |    65 |   155 ||   340
Block: Other             |       |       |    45 |    97 ||   142
       Reflection        |       |       |     1 |     5 ||     6

Table legend:
 A = Non-vault XP
 B = Vault XP
 C = Vault XP percentage of total XP
 D = Non-vault monster count
 E = Vault monster count
 F = Vault count percentage of total count
                 A         B        C        D         E       F
            +---------+---------+-------+---------+---------+-------
      Total |   25054 |    5060 |  16.8 |     214 |      55 |  20.4
            +---------+---------+-------+---------+---------+-------
        D:1 |      10 |       0 |   0.0 |       7 |       0 |   0.0
        D:2 |      30 |      23 |  43.4 |       9 |       4 |  30.8
        D:3 |     128 |       0 |   0.0 |      18 |       0 |   0.0
        D:4 |      29 |     113 |  79.6 |       8 |       4 |  33.3
        D:5 |     798 |       0 |   0.0 |      17 |       0 |   0.0
        D:6 |     975 |    1252 |  56.2 |      19 |      17 |  47.2
        D:7 |    1670 |     209 |  11.1 |      16 |       2 |  11.1
        D:8 |    2202 |     457 |  17.2 |      21 |       1 |   4.5
        D:9 |    1529 |    1018 |  40.0 |      24 |       5 |  17.2
     Lair:1 |    6252 |     936 |  13.0 |      29 |       3 |   9.4
     Lair:2 |    5260 |       0 |   0.0 |      23 |       0 |   0.0
     Lair:3 |    6171 |     947 |  13.3 |      23 |       1 |   4.2
      Sewer |       0 |     105 | 100.0 |       0 |      18 | 100.0
            +---------+---------+-------+---------+---------+-------
